 Dungeon Crawl Stone Soup version 0.30-a0-852-g08b95dd62f (webtiles) character file.

Game seed: 11749538814120942878

479148 browni3141 the Ninja (level 26, -2/176 HPs)
             Began as a Kobold Artificer on Mar 4, 2023.
             Was an Initiate of Uskayaw.
             Succumbed to poison (dark miasma)
             ... in a wizard's laboratory.
             The game lasted 03:02:57 (53766 turns).

browni3141 the Ninja (Kobold Artificer)            Turns: 53766, Time: 03:02:58

Health: -2/176     AC: 17    Str: 12    XL:     26   Next: 7%
Magic:  22/38      EV: 53    Int: 14    God:    Uskayaw [......]
Gold:   2211       SH: 18    Dex: 36    Spells: 26/33 levels left

rFire   + + .      SeeInvis +    M - +8 short sword "Zugargheu" {drain, *Noise +Blink rCorr Dex+5}
rCold   + . .      Faith    +    X - +0 kite shield
rNeg    + + +      Spirit   .    Q - +1 troll leather armour
rPois   .          Reflect  .    f - +2 helmet {SInv}
rElec   .          Rampage  .    S - +2 cloak
rCorr   +                        v - +2 pair of gloves of a bazaar {Drain +Blink Dex+4 Slay+2}
Will    +....                    I - +0 pair of boots "Kuassuosch" {Contam rN+ Str+2} Stlth *+++++++++
                                 q
                                   - Hermit's Pendant {Faith Invo=14 Evo=0 MP+5}
HPRegen 1.29/turn                J - ring "Foashinu" {rF+ rN++ rCorr}
MPRegen 0.26/turn                l - ring of Gior Zie {rF+ rC+ rN+ Dex+2 Stlth-}

@: lethally poisoned (-2 -> -33), slowed, very slow
A: small, no large weapons, nightstalker 3
}: 2/15 runes: decaying, gossamer
a: Renounce Religion, Evoke Blink


You were in a wizard's laboratory.
You worshipped Uskayaw.
Uskayaw was noncommittal.
You visited 9 branches of the dungeon, and saw 41 of its levels.
You also visited: Ice Cave, Volcano, Wizlab and Desolation.

You collected 7345 gold pieces.
You spent 5134 gold pieces at shops.

Inventory:

Hand Weapons
 M - the +8 short sword "Zugargheu" (weapon) {drain, *Noise +Blink rCorr Dex+5}
   (You bought it in a shop on level 2 of the Vaults)

   Dex:       It affects your dexterity (+5).
   +Blink:    It lets you blink.
   *Noise:    It may make noises in combat.
   rCorr:     It protects you from acid and corrosion.
Missiles
 i - 4 datura-tipped darts
 y - 5 throwing nets
 B - 8 silver boomerangs (quivered)
 E - 5 curare-tipped darts
Armour
 f - a +2 helmet of see invisible (worn)
 v - the +2 pair of gloves of a bazaar (worn) {Drain +Blink Dex+4 Slay+2}
   (You found it on level 2 of the Swamp)

   Dex:       It affects your dexterity (+4).
   Slay:      It affects your accuracy & damage with ranged weapons and melee
   (+2).
   +Blink:    It lets you blink.
   Drain:     It drains your maximum health when unequipped.
 I - the +0 pair of boots "Kuassuosch" (worn) {Contam rN+ Str+2}
   (You bought it in a shop on level 1 of the Dungeon)

   Str:       It affects your strength (+2).
   rN:        It protects you from negative energy.
   Contam:    It causes magical contamination when unequipped.
 Q - a +1 troll leather armour (worn)
 S - a +2 cloak (worn)
 X - a +0 kite shield (worn)
Jewellery
 h - a +4 ring of slaying
 l - the ring of Gior Zie (right hand) {rF+ rC+ rN+ Dex+2 Stlth-}
   (You bought it in a shop on level 2 of the Orcish Mines)

   [ring of protection from cold]

   Dex:       It affects your dexterity (+2).
   rF:        It protects you from fire.
   rC:        It protects you from cold.
   rN:        It protects you from negative energy.
   Stlth:     It makes you less stealthy.
 q - the Hermit's Pendant (around neck) {Faith Invo=14 Evo=0 MP+5}
   (You found it on level 2 of the Dungeon)

   [amulet of faith]

   Invo=14: It sets your Invocations skill to 14.
   Evo=0: It sets your Evocations skill to 0.
   It allows you to gain divine favour quickly.
   MP:        It affects your magic capacity (+5).
 s - a ring of poison resistance
 F - a ring of protection from cold
 J - the ring "Foashinu" (left hand) {rF+ rN++ rCorr}
   (You found it in the Desolation of Salt)

   [ring of protection from fire]

   rF:        It protects you from fire.
   rN:        It greatly protects you from negative energy.
   rCorr:     It protects you from acid and corrosion.
 T - a ring of resist corrosion
Wands
 b - a wand of charming (11)
 g - a wand of mindburst (15)
 j - a wand of digging (11)
 x - a wand of roots (23)
 K - a wand of polymorph (17)
Scrolls
 e - a scroll of butterflies
 p - 3 scrolls of brand weapon
 r - 5 scrolls of vulnerability
 t - 23 scrolls of teleportation
 w - 2 scrolls of blinking
 z - 6 scrolls of immolation
 D - 9 scrolls of silence
 H - 2 scrolls of torment
 P - 7 scrolls of fog
 U - 6 scrolls of poison
 W - 2 scrolls of fear
 Z - 6 scrolls of enchant weapon
Potions
 c - 8 potions of haste
 d - 6 potions of mutation
 k - 8 potions of brilliance
 m - 3 potions of invisibility
 n - 3 potions of resistance
 o - 9 potions of attraction
 u - 8 potions of magic
 A - 4 potions of flight
 C - 4 potions of might
 G - 5 potions of curing
 L - 11 potions of ambrosia
 O - 4 potions of heal wounds
 R - 3 potions of cancellation
 V - 8 potions of lignification
Miscellaneous
 a - a tin of tremorstones (2/2)
 N - a box of beasts
 Y - a condenser vane (inert)


   Skills:
 + Level 20.6 Fighting
 - Level 12.0 Short Blades
 - Level 4.0 Throwing
 + Level 6.0 Armour
 O Level 27 Dodging
 O Level 27 Stealth
 + Level 14.6 Shields
 - Level 4.0 Spellcasting
 - Level 9.0 Translocations
 - Level 3.0 Transmutations
 - Level 5.0 Air Magic
 - Level 3.0 Earth Magic
 - Level 4.0(0.0) Evocations


You had 26 spell levels left.
You knew the following spells:

 Your Spells              Type           Power      Damage    Failure   Level
a - Vhi's Electric Charg  Tloc/Air       44%        N/A       10%         3
b - Blink                 Tloc           56%        N/A       1%          2
c - Passwall              Tmut/Erth      9%         N/A       24%         2

Your spell library contained the following spells:

 Spells                   Type           Power      Damage    Failure   Level
 Apportation              Tloc           56%        N/A       1%          1
 Lesser Beckoning         Tloc           56%        N/A       1%          2
 Momentum Strike          Conj/Tloc      30%        3d8       13%         2
 Manifold Assault         Tloc           28%        N/A       14%         4
 Passage of Golubria      Tloc           28%        N/A       14%         4
 Sandblast                Erth           22%        2d7       16%         1
 Shock                    Conj/Air       36%        1d5       21%         1
 Swiftness                Air            16%        N/A       22%         3
 Wereblood                Tmut           11%        N/A       24%         2
 Kindle Blastsparks       Fire/Tloc/Air  30%        2d12      26%         3
 Portal Projectile        Hex/Tloc       30%        N/A       26%         3
 Poisonous Vapours        Pois/Air       18%        N/A       30%         2
 Cigotuvi's Dreadful Rot  Necr/Pois/Air  14%        N/A       41%         2
 Foxfire                  Conj/Fire      8%         2x1d4     50%         1
 Freeze                   Ice            8%         1d3       50%         1
 Necrotise                Necr           8%         1d4       50%         1
 Summon Small Mammal      Summ           8%         N/A       50%         1
 Airstrike                Air            8%         2d(2-18)  56%         4
 Call Imp                 Summ           2%         N/A       63%         2
 Sublimation of Blood     Necr           2%         N/A       63%         2
 Mephitic Cloud           Conj/Pois/Air  7%         N/A       65%         3
 Spider Form              Tmut/Pois      7%         N/A       65%         3
 Stone Arrow              Conj/Erth      14%        3d7       65%         3
 Ignite Poison            Fire/Tmut/Pois 5%         N/A       73%         3
 Call Canine Familiar     Summ           2%         N/A       86%         3
 Dazzling Flash           Conj/Hex       4%         N/A       86%         3
 Frozen Ramparts          Ice            4%         1d1       86%         3
 Hailstorm                Conj/Ice       2%         3d3       86%         3
 Ozocubu's Armour         Ice            2%         N/A       86%         3
 Summon Guardian Golem    Hex/Summ       2%         N/A       86%         3
 Tukima's Dance           Hex            2%         N/A       86%         3
 Vampiric Draining        Necr           2%         2d6       86%         3
 Dispersal                Tloc           14%        N/A       91%         6
 Animate Armour           Summ/Erth      14%        N/A       96%         4
 Ice Form                 Ice/Tmut       7%         N/A       96%         4
 Leda's Liquefaction      Hex/Erth       3%         N/A       96%         4
 Cause Fear               Hex            1%         N/A       99%         4
 Sticky Flame             Conj/Fire      2%         2d3       99%         4
 Summon Ice Beast         Ice/Summ       2%         N/A       99%         4
 Blade Hands              Tmut           5%         N/A       99%         5
 Lee's Rapid Deconstruct  Erth           5%         3d6*      99%         5
 Agony                    Necr           2%         N/A       100%        5
 Alistair's Intoxication  Tmut/Pois      4%         N/A       100%        5
 Borgnjor's Vile Clutch   Necr/Erth      3%         N/A       100%        5
 Fireball                 Conj/Fire      1%         3d3       100%        5
 Freezing Cloud           Conj/Ice/Air   3%         6-21      100%        5
 Iskenderun's Battlesphe  Conj           2%         2d6       100%        5
 Metabolic Englaciation   Hex/Ice        1%         N/A       100%        5
 Summon Mana Viper        Hex/Summ       2%         N/A       100%        5
 Yara's Violent Unravell  Hex/Tmut       3%         3d4       100%        5
 Conjure Ball Lightning   Conj/Air       4%         3x3d6     100%        6
 Eringya's Noxious Bog    Tmut/Pois      3%         N/A       100%        6
 Iron Shot                Conj/Erth      3%         9d2       100%        6
 Simulacrum               Ice/Necr       1%         N/A       100%        6
 Starburst                Conj/Fire      1%         6d3       100%        6
 Dragon Form              Tmut           5%         N/A       100%        7
 Malign Gateway           Summ/Tloc      7%         N/A       100%        7
 Monstrous Menagerie      Summ           1%         N/A       100%        7
 Orb of Destruction       Conj           1%         9d5       100%        7
 Summon Hydra             Summ           1%         N/A       100%        7
 Discord                  Hex            1%         N/A       100%        8
 Disjunction              Tloc           14%        N/A       100%        8
 Ignition                 Fire           1%         3d3       100%        8
 Lehudib's Crystal Spear  Conj/Erth      3%         10d3      100%        8
 Dragon's Call            Summ           1%         N/A       100%        9
 Shatter                  Erth           5%         3d8*      100%        9


Dungeon Overview and Level Annotations

Branches:
Dungeon (15/15)            Temple (1/1) D:5            Lair (5/5) D:9
  Swamp (4/4) Lair:2       Spider (4/4) Lair:3        Slime (0/5) Lair:5
    Orc (2/2) D:9             Elf (0/3) Orc:2        Vaults (4/5) D:13
  Crypt (2/3) Vaults:3     Depths (4/4) D:15            Zot (0/5) Depths:4
  IceCv (visited)         Volcano (visited)          WizLab (1/1)
Desolation (visited)

Altars:
Ashenzari
Cheibriados
Dithmenos
Elyvilon
Fedhas
Gozag
Hepliaklqana
Kikubaaqudgha
Makhleb
Nemelex Xobeh
Okawaru
Qazlal
Ru
Sif Muna
Trog
Uskayaw
Vehumet
Wu Jian
Xom
Yredelemnul
Zin
The Shining One
Jiyva

Shops:
D:1 *   Orc:1 *   Orc:2 [==   Vaults:2 [(*   Depths:1 ==   Depths:3 *

Portals:
Hell: Depths:1 Depths:2 Depths:3 Depths:4
Abyss: Depths:3
Pandemonium: Depths:1 Depths:2 Depths:4
Ziggurat: Depths:1

Annotations:
Depths:2 1 transporter WizLab exclusion: door


Innate Abilities, Weirdness & Mutations

You are small and have problems with some larger weapons.
You are completely attuned to the shadows.


Message History

You are engulfed in dark miasma.
You are more poisoned.
You feel extremely sick. The death drake completely misses you.
You block the blizzard demon's attack. x2
The death drake bites you but does no damage.
Unknown command.
You impale the blizzard demon!!
You kill the blizzard demon!
You are engulfed in dark miasma.
You are more poisoned.
* * * LOW HITPOINT WARNING * * *
You feel extremely sick. The death drake breathes miasma at you.
The foul vapour misses you.
You can now stomp with the beat.
Your box of beasts has recharged.
Unknown command.
You stomp with the beat, sending a shockwave through the revellers around you!
The death drake is almost dead.
You can no longer stomp with the beat.
You are engulfed in dark miasma.
You are lethally poisoned!
You feel as though you will be slow longer.
* * * LOW HITPOINT WARNING * * *
x2 You feel extremely sick.
You block the death drake's attack. The death drake completely misses you.
Unknown command.
You feel better. The death drake completely misses you.
The death drake breathes miasma at you. The foul vapour misses you.
You puncture the death drake!
You kill the death drake!
You are engulfed in dark miasma.
You are poisoned.
* * * LOW HITPOINT WARNING * * *
You feel very sick.
You are engulfed in dark miasma.
You are lethally poisoned!
* * * LOW HITPOINT WARNING * * *
You die...

≈≈≈#..~≈≈≈≈≈#
≈≈##.~~≈≈~~~#
≈≈#..~~~~~~~#
≈§#........E'
≈§#..~~~~~~~#
≈≈##.~°≈≈≈≈≈#
§≈≈#°°°≈≈≈≈≈#
§§§##○°°≈≈≈≈#
§§§§#°@°~≈≈≈#
§§§§##...~≈≈###########
§§§v###...~~~≈~~~~~~~~
§§§§§§###.............
§§§§§§§##############
~≈~≈≈≈≈≈ ≈≈≈≈### ≈≈≈≈≈≈
≈≈≈≈##.# ≈≈≈≈##.§.
≈≈≈###§§§.


You could see a twister (vortex).

Vanquished Creatures
  A juggernaut (Depths:3)
  Boris (Crypt:2)
  Frederick (Vaults:2)
  Saint Roka (Depths:1)
  A caustic shrike (Depths:3)
  A golden dragon (Depths:3)
  2 bone dragons
  Jorgrun (D:15)
  Rupert (D:15)
  A lich (Depths:3)
  A tentacled monstrosity (Depths:4)
  Asterion (Vaults:3)
  A quicksilver dragon (Depths:2)
  A walking frostbound tome (Depths:2)
  5 ancient champions (Crypt:1)
  2 thorn hunters
  Gastronok (D:9)
  4 tengu reavers
  3 storm dragons
  Frances (D:14)
  The ghost of elongatedgoose the Grappler, a journeyman TrFi of Jiyva (Swamp:2)
  6 sphinxes
  A fenstrider witch (Swamp:2)
  A shadow dragon (Depths:3)
  2 revenants
  7 fire giants
  15 vault wardens
  8 frost giants
  4 emperor scorpions (Spider:4)
  2 imperial myrmidons (Desolation)
  A draconian scorcher (Depths:4)
  2 iron dragons
  5 ghost moths
  3 curse skulls
  2 balrugs (Depths:4)
  2 angels (Vaults:3)
  2 orc warlords
  A war gargoyle (Vaults:3)
  18 ironbound preservers
  A draconian annihilator (Depths:4)
  21 very ugly things
  3 ghouls (Crypt:1)
  A spriggan defender (Depths:3)
  A green draconian (Depths:4)
  4 broodmothers
  6 ironbound thunderhulks
  9 stone giants
  3 black draconians (Depths:4)
  Nessos (D:15)
  5 vampire knights
  5 eleionomae
  A lorocyproca (Depths:2)
  8 dire elephants
  The ghost of tarna41 the Fighter, a journeyman MiBe of Trog (D:12)
  2 white draconians (Depths:4)
  2 halazid warlocks (Desolation)
  8 bunyips
  6 spark wasps
  3 deep elf death magi
  A blizzard demon (WizLab)
  3 crystal guardians
  3 jiangshi (Crypt:1)
  10 ettins
  Josephine (D:10)
  8 yaktaur captains
  6 entropy weavers
  8 fire dragons
  4 ragged hierophants (Desolation)
  4 great orbs of eyes
  A rakshasa (Depths:1)
  8 vault guards
  Erolcha (Orc:2)
  11 hydras
  11 ice dragons
  3 ghost crabs
  11 peacekeepers
  2 ogre magi
  4 catoblepae (Lair:5)
  5 spriggan air magi
  10 boulder beetles
  7 jorogumos
  7 servants of whispers (Desolation)
  Erica (Lair:2)
  7 centaur warriors
  A radroach (Spider:3)
  A death knight (D:15)
  8 ironbound frosthearts
  11 two-headed ogres
  10 alligators
  7 death yaks
  10 tengu warriors
  10 death scarabs
  11 deep troll earth magi
  8 deep troll shamans
  Urug (Lair:4)
  6 spriggan berserkers
  3 vampire magi
  Nergalle (Orc:2)
  3 soul eaters
  2 shock serpents (WizLab)
  10 iron trolls
  9 pharaoh ants
  Lodul (D:13)
  14 skeletal warriors
  A sixfirhy (Depths:1)
  53 deep trolls
  6 goliath frogs
  An iron giant zombie (Crypt:2)
  9 bog bodies
  3 death drakes
  3 swamp dragons
  6 spriggan druids
  3 glowing orange brains
  3 spectral hydras (Swamp:4)
  A flayed ghost (Depths:1)
  3 sun moths
  10 wizards
  A shadow demon (Depths:1)
  A spectral wolf spider (Spider:4)
  5 orb spiders
  9 lindwurms
  A steelbarb worm (shapeshifter) (Depths:4)
  2 phantasmal warriors
  2 orc knights
  19 ironbound convokers
  4 steelbarb worms
  2 necromancers
  9 deep elf pyromancers
  7 harpies
  A goliath frog zombie (Crypt:1)
  14 wolf spiders
  7 orc sorcerers (Orc:2)
  58 ugly things
  4 manticores
  2 will-o-the-wisps (Swamp:1)
  A dire elephant zombie (Crypt:1)
  11 cyclopes
  An elephant (Lair:5)
  8 moths of wrath
  2 guardian serpents (Desolation)
  A black mamba (Lair:5)
  9 demonic crawlers
  Joseph (D:10)
  9 gargoyles
  3 torpor snails
  10 cane toads
  3 apocalypse crabs (WizLab)
  18 vault sentinels
  2 orange demons
  2 ice statues (IceCv)
  31 yaktaurs
  A rime drake (shapeshifter) (D:14)
  A rime drake (Lair:2)
  An efreet (D:10)
  2 swamp worm zombies (Swamp:4)
  An unseen horror (D:11)
  8 komodo dragons
  2 hydra zombies (Swamp:4)
  3 tengu conjurers
  5 freezing wraiths
  An ice devil (Depths:2)
  6 trolls
  2 polar bears
  10 tyrant leeches
  7 meliai
  5 hornets
  Prince Ribbit (D:6)
  4 red devils
  2 wind drakes (WizLab)
  A queen bee (Orc:1)
  A hellwing (Depths:2)
  A culicivora zombie (Spider:4)
  A harpy skeleton (Volcano)
  A wolf spider simulacrum (D:15)
  3 spectral swamp dragons (Swamp:4)
  3 spectral jumping spiders (Spider:4)
  2 spectral guardian serpents (Crypt:1)
  A tarantella zombie (Spider:4)
  A spectral culicivora (Spider:4)
  2 spectral tarantellas (Spider:4)
  13 dream sheep
  46 saltlings (Desolation)
  2 jumping spider zombies (Spider:4)
  26 tarantellas
  4 blink frogs (Lair:4)
  4 alligator zombies (Swamp:4)
  23 slime creatures
  18 jumping spiders
  9 wraiths
  3 flying skulls (Volcano)
  An ettin skeleton (Crypt:2)
  19 culicivoras
  A satyr skeleton (Crypt:2)
  Sigmund (D:6)
  6 air elementals (WizLab)
  7 wyverns
  A centaur simulacrum (D:15)
  A water elemental (Depths:2)
  An alligator skeleton (Volcano)
  2 shadows (D:10)
  A ynoxinul (D:12)
  10 spriggans
  63 yaks
  5 basilisks
  3 steam dragons
  Grum (D:8)
  A redback (shapeshifter) (Depths:3)
  A neqoxec (Depths:2)
  2 chaos spawn (Depths:2)
  4 vampire mosquitoes (D:14)
  47 redbacks
  2 death yak simulacra (IceCv)
  17 swamp worms
  2 acid dragons
  8 wargs
  16 water moccasins
  3 sky beasts (D:7)
  2 ice beasts
  23 orc warriors
  A black bear (D:7)
  21 ogres
  5 swamp dragon zombies (Swamp:4)
  9 wolves
  8 phantoms
  9 centaurs
  A hog skeleton (Crypt:1)
  5 kobold brigands
  A draconian zombie (Crypt:1)
  2 gnoll sergeants
  A necrophage (Crypt:1)
  20 bullfrogs
  2 cane toad simulacra
  10 scorpions
  A two-headed ogre simulacrum (D:12)
  A hornet simulacrum (D:14)
  10 wights
  31 killer bees
  3 troll skeletons (Volcano)
  5 howler monkeys
  5 electric eels
  A spriggan skeleton (Crypt:2)
  5 hounds
  3 jellies
  13 orc priests
  Natasha (thrice) (D:2)
  3 gnoll boudas
  Terence (D:2)
  7 iguanas
  A sleepcap (D:8)
  37 orc wizards
  3 spriggan simulacra (D:12)
  2 troll simulacra (D:12)
  2 polar bear simulacra (IceCv)
  An ice beast zombie (Crypt:1)
  22 gnolls
  9 adders
  A naga simulacrum (D:12)
  A shadow imp (D:6)
  2 swamp drake zombies (Swamp:4)
  A white imp (D:6)
  2 ufetubi
  A jelly zombie (Crypt:1)
  5 worms
  3 dart slugs
  66 orcs
  5 ball pythons
  4 bats
  6 endoplasms
  5 giant cockroaches
  2 goblins
  5 hobgoblins
  3 jackals (D:4)
  21 kobolds
  3 quokkas
  A ball python zombie (Crypt:1)
  A frilled lizard (D:3)
  A kobold zombie (Crypt:1)
  4 rats
1716 creatures vanquished.

Vanquished Creatures (collateral kills)
  An emperor scorpion (Spider:4)
  An entropy weaver (Spider:3)
  A boulder beetle (Spider:4)
  An orb spider (Spider:3)
  3 wolf spiders
  2 moths of wrath (Spider:4)
  A demonic crawler (Spider:4)
  A torpor snail (Spider:1)
  A spectral redback (Spider:4)
  5 tarantellas
  2 spectral jumping spiders (Spider:4)
  2 jumping spiders
  A culicivora (Spider:4)
  4 redbacks
26 creatures vanquished.

Vanquished Creatures (others)
  Nikola (Spider:2)
  A spriggan defender (Depths:2)
  A ragged hierophant (Desolation)
  A steelbarb worm (Spider:4)
  A deep troll (Depths:1)
  A phantasmal warrior (Swamp:4)
  A wolf spider (Spider:4)
  2 will-o-the-wisps (Swamp:1)
  4 bloated husks
  A saltling (Desolation)
  A tarantella (Spider:4)
  A culicivora (Spider:3)
  2 jumping spiders (Spider:3)
  3 redbacks (Spider:3)
  A warg (Depths:1)
  An orc warrior (Depths:1)
  A phantom (Swamp:4)
  An orc wizard (Orc:2)
  An orc (Depths:1)
  A quokka (Depths:3)
  2 bushes (D:9)
  6 foxfires (Swamp:1)
  14 fungi
  32 plants
81 creatures vanquished.

Grand Total: 1823 creatures vanquished

Notes
Turn   | Place    | Note
-------+----------+-------------------------------------------
     0 | D:1      | browni3141 the Kobold Artificer began the quest for the
                  | Orb.
     0 | D:1      | Reached XP level 1. HP: 12/12 MP: 1/1
   170 | D:1      | Reached skill level 1 in Short Blades
   170 | D:1      | Reached XP level 2. HP: 16/16 MP: 2/2
   224 | D:1      | Found Qoku's Assorted Antiques.
   383 | D:1      | Reached XP level 3. HP: 20/20 MP: 3/3
   687 | D:2      | Noticed Natasha
   692 | D:2      | Killed Natasha
   693 | D:2      | Reached XP level 4. HP: 12/25 MP: 4/4
   956 | D:2      | Noticed Terence
   961 | D:2      | Killed Terence
   962 | D:2      | Reached skill level 1 in Armour
  1065 | D:2      | Reached XP level 5. HP: 29/29 MP: 5/5
  1239 | D:2      | Found the Hermit's Pendant {Faith Invo=14 Evo=0 MP+5}
  1375 | D:2      | Noticed Natasha
  1386 | D:2      | Killed Natasha
  1406 | D:2      | Noticed Natasha
  1408 | D:2      | Killed Natasha
  1789 | D:3      | Found a shimmering blue altar of Sif Muna.
  2060 | D:3      | Reached XP level 6. HP: 35/35 MP: 6/6
  2196 | D:3      | Reached skill level 5 in Stealth
  2320 | D:4      | Reached skill level 5 in Short Blades
  2846 | D:5      | Entered Level 5 of the Dungeon
  3066 | D:5      | Noticed an ogre
  3164 | D:5      | Reached skill level 1 in Shields
  3164 | D:5      | Reached XP level 7. HP: 40/40 MP: 7/7
  3452 | D:5      | Found a staircase to the Ecumenical Temple.
  3525 | Temple   | Entered the Ecumenical Temple
  3528 | Temple   | Found a transporter.
  3528 | Temple   | Found a transporter.
  3530 | Temple   | Found a transporter.
  3530 | Temple   | Found a transporter.
  3537 | Temple   | Became a worshipper of Uskayaw the Reveller
  3820 | D:1      | Bought a pair of distressingly furry boots for 190 gold
                  | pieces
  3820 | D:1      | Identified the +0 pair of boots "Kuassuosch" {Contam rN+
                  | Str+2} (You bought it in a shop on level 1 of the Dungeon)
  3932 | D:6      | Reached * piety under Uskayaw
  3941 | D:6      | Reached ** piety under Uskayaw
  3965 | D:6      | Noticed a steam dragon
  3970 | D:6      | Reached *** piety under Uskayaw
  3971 | D:6      | Killed a steam dragon
  3972 | D:6      | Reached XP level 8. HP: 37/44 MP: 18/18
  4036 | D:6      | Reached **** piety under Uskayaw
  4037 | D:6      | Reached ***** piety under Uskayaw
  4762 | D:6      | Noticed Prince Ribbit
  4893 | D:5      | Reached skill level 10 in Short Blades
  4928 | D:6      | Reached XP level 9. HP: 48/48 MP: 19/19
  5217 | D:6      | Killed Prince Ribbit
  5760 | D:6      | Reached skill level 5 in Dodging
  5775 | D:6      | Noticed a white ugly thing
  5775 | D:6      | You fall into a shaft and drop 2 floors!
  5786 | D:8      | Noticed Grum
  5796 | D:8      | Killed Grum
  5799 | D:8      | Reached skill level 5 in Fighting
  5996 | D:8      | Reached XP level 10. HP: 59/59 MP: 20/20
  6084 | D:8      | Reached skill level 10 in Stealth
  6114 | D:8      | Found a hazy altar of Hepliaklqana.
  6318 | D:8      | Found a basalt altar of Yredelemnul.
  6330 | D:8      | Found a shadowy altar of Dithmenos.
  6523 | D:8      | Found an ancient bone altar of Kikubaaqudgha.
  7972 | D:6      | Noticed Sigmund
  7986 | D:6      | Killed Sigmund
  7987 | D:6      | Reached XP level 11. HP: 58/67 MP: 21/21
  8008 | D:6      | Noticed a two-headed ogre
  8013 | D:6      | Noticed a cyclops
  8014 | D:6      | Killed a two-headed ogre
  8015 | D:6      | Reached skill level 5 in Shields
  8020 | D:6      | Killed a cyclops
  8296 | D:6      | Killed a white ugly thing
  8668 | D:9      | Found a snail-covered altar of Cheibriados.
  8685 | D:9      | Noticed a two-headed ogre
  8693 | D:9      | Killed a two-headed ogre
  8731 | D:9      | Noticed Gastronok
  8743 | D:9      | Killed Gastronok
  8803 | D:9      | Found a staircase to the Orcish Mines.
  8985 | D:9      | Found a sparkling altar of Nemelex Xobeh.
  9054 | D:9      | Found a staircase to the Lair.
  9218 | D:9      | Reached XP level 12. HP: 73/73 MP: 22/22
  9227 | D:9      | Reached skill level 10 in Dodging
  9412 | D:9      | Reached skill level 15 in Stealth
  9527 | D:9      | Noticed a two-headed ogre
  9534 | D:9      | Killed a two-headed ogre
  9804 | D:1      | Bought a scroll labelled USUREL RAUJO for 20 gold pieces
  9804 | D:1      | Bought a scroll labelled ZOS YPIRCHIQOFO for 20 gold pieces
  9804 | D:1      | Bought a sapphire potion for 18 gold pieces
  9804 | D:1      | Bought a scroll labelled MONARINOP for 20 gold pieces
  9804 | D:1      | Bought a blue potion for 18 gold pieces
  9804 | D:1      | Bought a kite shield for 90 gold pieces
  9844 | D:1      | Bought a condenser vane for 800 gold pieces
 10125 | Lair:1   | Entered Level 1 of the Lair of Beasts
 10300 | Lair:1   | Identified the +6 trident of Tidghan {flame, Will+}
 10327 | Lair:1   | Noticed a death yak
 10329 | Lair:1   | Noticed a death yak
 10335 | Lair:1   | Killed a death yak
 10336 | Lair:1   | Killed a death yak
 10423 | Lair:1   | Noticed a boulder beetle
 10447 | Lair:1   | Killed a boulder beetle
 10789 | Lair:1   | You fall into a shaft and drop 1 floor!
 11027 | Lair:2   | Found a dark tunnel.
 11073 | Volcano  | Entered a volcano
 11096 | Volcano  | Reached XP level 13. HP: 80/80 MP: 23/23
 11741 | Lair:2   | Noticed Erica
 11745 | Lair:2   | Killed Erica
 11886 | Lair:2   | Found a staircase to the Swamp.
 12989 | Lair:3   | Reached skill level 10 in Fighting
 13148 | Lair:3   | Found a hole to the Spider Nest.
 13219 | Lair:3   | Reached ****** piety under Uskayaw
 14296 | Lair:4   | Reached XP level 14. HP: 88/88 MP: 24/24
 14393 | Lair:4   | Noticed Urug
 14412 | Lair:4   | Killed Urug
 15292 | Lair:5   | Entered Level 5 of the Lair of Beasts
 15549 | Lair:5   | Found a viscous altar of Jiyva.
 15550 | Lair:5   | Found a staircase to the Slime Pits.
 17132 | D:10     | Entered Level 10 of the Dungeon
 17168 | D:10     | Got the Parchment of Axaxaxas mlö
 17181 | D:10     | Got Piociph's Directory of Dhcmrlchtdj
 17233 | D:10     | Got the Almanac of Combed Thunderclap
 17431 | D:10     | Reached XP level 15. HP: 95/95 MP: 25/25
 17565 | D:10     | Reached skill level 15 in Dodging
 18016 | D:10     | Noticed Josephine
 18028 | D:10     | Killed Josephine
 18127 | D:10     | Noticed Joseph
 18142 | D:10     | Killed Joseph
 19126 | D:12     | Reached skill level 1 in Spellcasting
 19132 | D:12     | Found a runed translucent door.
 19236 | D:12     | Found a frozen archway.
 19304 | IceCv    | Entered an ice cave
 19322 | IceCv    | Found a transporter.
 19362 | IceCv    | Found a transporter.
 19623 | D:12     | Noticed tarna41's ghost (journeyman MiBe)
 20119 | D:12     | Learned a level 3 spell: Vhi's Electric Charge
 20122 | D:12     | Learned a level 2 spell: Blink
 20180 | Orc:1    | Entered Level 1 of the Orcish Mines
 20216 | Orc:1    | Found Eklev's Magic Scroll Shop.
 20238 | Orc:1    | Bought a scroll of identify for 36 gold pieces
 20238 | Orc:1    | Bought a scroll of butterflies for 72 gold pieces
 20476 | Orc:1    | Reached skill level 1 in Translocations
 20476 | Orc:1    | Reached skill level 1 in Air Magic
 20479 | Orc:1    | Found Uteach's Specific Store.
 20479 | Orc:1    | Found Ulloynk's General Store.
 20925 | Orc:2    | Entered Level 2 of the Orcish Mines
 21071 | Orc:2    | Found a staircase to the Elven Halls.
 21233 | Orc:2    | Found a radiant altar of Vehumet.
 21235 | Orc:2    | Noticed Erolcha
 21245 | Orc:2    | Killed Erolcha
 21272 | Orc:2    | Found Todaf's Magic Scroll Shop.
 21344 | Orc:2    | Found Deheekh's Jewellery Shop.
 21370 | Orc:2    | Found an ancient bone altar of Kikubaaqudgha.
 21370 | Orc:2    | Noticed Nergalle
 21375 | Orc:2    | Killed Nergalle
 21385 | Orc:2    | Found Wacwal's Jewellery Boutique.
 21433 | Orc:2    | Found Laqedu's Antique Armour Boutique.
 21572 | Orc:2    | Found a bloodstained altar of Trog.
 21586 | Orc:2    | Reached skill level 10 in Shields
 21953 | Orc:2    | Bought the ring of Gior Zie {rF+ rC+ rN+ Dex+2 Stlth-} for
                  | 736 gold pieces
 21976 | Orc:2    | Bought a scroll of identify for 28 gold pieces
 21976 | Orc:2    | Bought a scroll of poison for 56 gold pieces
 21976 | Orc:2    | Bought 3 scrolls of identify for 84 gold pieces
 21976 | Orc:2    | Bought a scroll of identify for 28 gold pieces
 21976 | Orc:2    | Bought a scroll of poison for 56 gold pieces
 21976 | Orc:2    | Bought a scroll of vulnerability for 56 gold pieces
 21976 | Orc:2    | Bought a scroll of identify for 28 gold pieces
 21979 | Orc:2    | Identified a scroll of acquirement
 22006 | Orc:2    | Bought a ring of poison resistance for 340 gold pieces
 22300 | Orc:1    | Bought a scroll of vulnerability for 44 gold pieces
 22300 | Orc:1    | Bought a scroll of teleportation for 33 gold pieces
 22644 | D:13     | Reached XP level 16. HP: 65/102 MP: 26/26
 22646 | D:13     | Reached skill level 5 in Translocations
 22840 | D:13     | Found a gate to the Vaults.
 22994 | D:13     | Noticed Lodul
 23001 | D:13     | Killed Lodul
 24122 | D:14     | Noticed Frances
 24126 | D:14     | Killed Frances
 24353 | D:15     | Entered Level 15 of the Dungeon
 24708 | D:15     | Noticed Nessos
 24719 | D:15     | Killed Nessos
 24720 | D:15     | Reached skill level 5 in Air Magic
 24808 | D:15     | Noticed Rupert
 24810 | D:15     | Paralysed by Rupert for 5 turns
 24827 | D:15     | Killed Rupert
 24846 | D:15     | Noticed Jorgrun
 24858 | D:15     | Killed Jorgrun
 24951 | D:15     | Paralysed by an ogre mage for 3 turns
 24960 | D:15     | Reached XP level 17. HP: 31/107 MP: 14/27
 25330 | D:15     | Found a staircase to the Depths.
 25349 | D:15     | Acquired 616 gold pieces
 25589 | Orc:2    | Bought a smoking scale mail for 288 gold pieces
 25589 | Orc:2    | Identified the +1 scale mail of Polytheism {rCorr} (You
                  | bought it in a shop on level 2 of the Orcish Mines)
 25619 | Orc:2    | Bought a scroll of teleportation for 42 gold pieces
 25619 | Orc:2    | Bought a scroll of teleportation for 42 gold pieces
 25738 | Orc:1    | Bought a potion of brilliance for 44 gold pieces
 25789 | Orc:1    | Bought a scroll of teleportation for 54 gold pieces
 25789 | Orc:1    | Bought a scroll of immolation for 72 gold pieces
 25789 | Orc:1    | Bought a scroll of teleportation for 54 gold pieces
 25789 | Orc:1    | Bought a scroll of teleportation for 54 gold pieces
 25789 | Orc:1    | Bought a scroll of teleportation for 54 gold pieces
 25789 | Orc:1    | Bought a scroll of enchant armour for 135 gold pieces
 25840 | Orc:1    | Bought a wand of charming (2) for 62 gold pieces
 26150 | Spider:1 | Entered Level 1 of the Spider Nest
 26155 | Spider:1 | Learned a level 2 spell: Passwall
 26744 | Spider:1 | Reached skill level 1 in Transmutations
 26744 | Spider:1 | Reached skill level 1 in Earth Magic
 27491 | Spider:2 | Noticed Nikola
 27665 | Spider:4 | Entered Level 4 of the Spider Nest
 29924 | Spider:4 | Identified the +2 leather armour of Xoplit {Will+ Str+3}
 29929 | Spider:4 | Got a gossamer rune of Zot
 30602 | Spider:4 | Reached XP level 18. HP: 103/114 MP: 28/28
 32008 | Spider:2 | Killed Nikola
 33435 | Spider:1 | Reached XP level 19. HP: 117/121 MP: 22/29
 33949 | Swamp:1  | Entered Level 1 of the Swamp
 35585 | Swamp:2  | Found a runed translucent door.
 35816 | Swamp:2  | Noticed elongatedgoose's ghost (journeyman TrFi)
 35820 | Swamp:2  | Killed elongatedgoose's ghost
 35822 | Swamp:2  | Got the Guide on the Iron Glacier
 35824 | Swamp:2  | Identified the +2 pair of gloves of a bazaar {Drain +Blink
                  | Dex+4 Slay+2}
 36512 | Swamp:4  | Entered Level 4 of the Swamp
 37426 | Swamp:4  | Noticed a bone dragon
 37447 | Swamp:4  | Killed a bone dragon
 37448 | Swamp:4  | Reached XP level 20. HP: 119/128 MP: 30/30
 37450 | Swamp:4  | Got a decaying rune of Zot
 37517 | Swamp:4  | Reached skill level 15 in Fighting
 37865 | D:12     | Killed tarna41's ghost
 37870 | D:12     | Got the Quarto of Scree
 38029 | Depths:1 | Entered Level 1 of the Depths
 38125 | Depths:1 | Noticed Saint Roka
 38282 | Depths:1 | Found Lidilas's Jewellery Boutique.
 38319 | Depths:1 | Found a one-way gateway to a ziggurat.
 38523 | Depths:1 | Found a gateway to Hell.
 38781 | Depths:1 | Killed Saint Roka
 38818 | Depths:1 | Got Sif Muna's Handbook of Called Composition
 38947 | Depths:1 | Found a one-way gate leading to the halls of Pandemonium.
 39105 | Depths:1 | Found Xoihilo's Jewellery Shop.
 40166 | Depths:2 | Reached XP level 21. HP: 112/135 MP: 31/31
 40203 | Depths:2 | Found a transporter.
 40205 | Depths:2 | Found a transporter.
 40267 | Depths:2 | Found a transporter.
 40361 | Depths:2 | Found a transporter.
 41137 | Depths:3 | HP: 3/136 [deep troll earth mage/blast of rock fragments
                  | (30)]
 41153 | Depths:3 | Noticed a golden dragon
 41181 | Depths:3 | Killed a golden dragon
 41202 | Depths:4 | Entered Level 4 of the Depths
 41306 | Depths:3 | Found a one-way gate to the infinite horrors of the Abyss.
 41377 | Depths:3 | Noticed a caustic shrike
 41406 | Depths:3 | Killed a caustic shrike
 41456 | Depths:3 | Found Jiqoed's General Store.
 41551 | Depths:3 | Noticed a juggernaut
 41570 | Depths:3 | Bought a box of beasts for 800 gold pieces
 41670 | Depths:3 | Found a white marble altar of Elyvilon.
 41826 | Depths:3 | Killed a juggernaut
 41883 | Depths:3 | Identified the ring of Egomania {rPois MP-9 AC+4 Str+5}
 42721 | Depths:4 | Noticed a bone dragon
 42739 | Depths:4 | Killed a bone dragon
 42741 | Depths:4 | Reached XP level 22. HP: 51/143 MP: 28/32
 42974 | Depths:4 | Found a gate to the Realm of Zot.
 44065 | Vaults:1 | Entered Level 1 of the Vaults
 44184 | Vaults:1 | Reached skill level 27 in Stealth
 45834 | Vaults:2 | Reached XP level 23. HP: 150/150 MP: 33/33
 46217 | Vaults:2 | Noticed Frederick
 46219 | Vaults:2 | Killed Frederick
 46444 | Vaults:2 | Found Ruexedd's Armour Shop.
 46529 | Vaults:2 | Found Wifeq's General Store.
 46605 | Vaults:2 | Bought a potion of heal wounds for 75 gold pieces
 46605 | Vaults:2 | Bought a throwing net for 45 gold pieces
 46605 | Vaults:2 | Bought a potion of might for 60 gold pieces
 46605 | Vaults:2 | Bought a potion of heal wounds for 75 gold pieces
 46605 | Vaults:2 | Bought a potion of lignification for 45 gold pieces
 46618 | Vaults:2 | Found Xubliwint's Antique Weapon Shop.
 46625 | Vaults:2 | Bought an ichor-stained short sword for 360 gold pieces
 46625 | Vaults:2 | Identified the +8 short sword "Zugargheu" {drain, *Noise
                  | +Blink rCorr Dex+5} (You bought it in a shop on level 2 of
                  | the Vaults)
 47491 | Vaults:3 | Noticed Asterion
 47494 | Vaults:3 | Killed Asterion
 47495 | Vaults:3 | Found a crumbling gateway.
 47497 | Vaults:3 | Found a white marble altar of Elyvilon.
 47497 | Vaults:3 | Found a glowing golden altar of the Shining One.
 47497 | Vaults:3 | Found a glowing silver altar of Zin.
 47510 | Desolati | Entered the Desolation of Salt
 47825 | Desolati | Identified the +6 chain mail "Ysiaf" {rCorr MP+9}
 48109 | Desolati | Got the Exposition on the Assembled Mantle
 48201 | Desolati | Identified the ring "Foashinu" {rF+ rN++ rCorr}
 48206 | Desolati | Identified the +0 cloak of Feinnuna {Int+3}
 49181 | Vaults:3 | Reached XP level 24. HP: 151/159 MP: 33/33
 49764 | Vaults:3 | Found a staircase to the Crypt.
 49764 | Vaults:3 | Found a basalt altar of Yredelemnul.
 49764 | Vaults:3 | Found an ancient bone altar of Kikubaaqudgha.
 50244 | Vaults:4 | Reached XP level 25. HP: 166/166 MP: 33/33
 50383 | Vaults:4 | Paralysed by a great orb of eyes for 2 turns
 50397 | Vaults:4 | Reached skill level 27 in Dodging
 51584 | Crypt:1  | Entered Level 1 of the Crypt
 52215 | Crypt:1  | Reached skill level 5 in Armour
 52852 | Crypt:2  | Noticed Boris
 52886 | Crypt:2  | Killed Boris
 52946 | Crypt:2  | Found a magical portal.
 53135 | WizLab   | Entered The Chambers of the Cloud Mage
 53285 | WizLab   | Reached XP level 26. HP: 160/175 MP: 27/33
 53451 | WizLab   | Paralysed by you for 2 turns
 53752 | WizLab   | Paralysed by you for 2 turns
 53766 | WizLab   | Succumbed to poison (dark miasma)

Illustrated notes

Levels and vault maps discovered:
D:1:      erik_arrival_blinker_ship, layout_rooms, serial_shops,
          nicolae_shop_hallway_stairs, kennysheep_minor_cross, corner_web_ring,
          serial_bayou_lagoon_a, dreamdust_mushroom_princess
D:2:      layout_loops_corners, uniq_terence, uniq_natasha
D:3:      layout_basic, led_sif_pool
D:4:      layout_cave_pools
D:5:      layout_gridville, minmay_temple_entry_junction
D:6:      minmay_klotski, layout_basic, serial_bayou_ford_a,
          kennysheep_small_square, uniq_sigmund, uniq_prince_ribbit1
D:7:      minmay_polygon_palace, layout_basic
D:8:      layout_basic, general_overflow_altar, old_standard_altar,
          amethyst_overflow_temple_binary, serial_co_window_serial,
          co_window_paths_a, co_window_paths_b, co_window_corner_a,
          co_window_paths_b, co_window_paths_a, co_window_paths_a,
          co_window_paths_a, co_window_2corner, co_window_paths_c,
          co_window_of_opportunity_b, co_window_cross_2, co_window_2corner,
          glass_columns_c, glass_columns_b, glass_columns_a, glass_columns_a,
          glass_columns_a, uniq_grum
D:9:      layout_irregular_city, amcnicky_altar_gilded,
          nemelex_diamond_rough_becter, minmay_lair_entry_grove, orc_0_dummy,
          uniq_gastronok
D:10:     minmay_imperfect_grid, layout_irregular_city,
          minmay_stone_trees_small, bh_hangedman_babel_library, uniq_josephine,
          uniq_joseph
D:11:     layout_loops_ring
D:12:     layout_basic, hellmonk_ghost_big_iron,
          portal_ice_cave_entry_ice_simulacra, lightli_minifort
D:13:     layout_gridville, skrybe_vaults_entry_preservation, uniq_lodul
D:14:     layout_long_grid, minmay_misc_feat_iff, kennysheep_generic_room_12,
          uniq_frances
D:15:     grunt_enter_depths_snipers, layout_rooms, nicolae_wwwww, uniq_nessos,
          uniq_rupert, uniq_jorgrun
Temple:   hellmonk_temple_divided_pantheon
Lair:1:   layout_cave_pods
Lair:2:   layout_gridlike, nicolae_swamp_entry_splash_gauntlet, enter_volcano_1,
          uniq_erica
Lair:3:   layout_long_grid, nicolae_spider_entry_non_spiders,
          dreamdust_gnoll_shepherd, grunt_megastairs_5, lemuel_fruit_tree,
          infiniplex_staircase_pool_2
Lair:4:   wander_river, layout_cave_pods, grunt_megastairs_2,
          lemuel_fruit_fields, infiniplex_staircase_pool, uniq_urug
Lair:5:   evilmike_catoblepas_cave, layout_cave_pods, dpeg_slime_entry_enclosed,
          st_stairs_5, serial_bayou_shore_b
Swamp:1:  layout_basic_swamp, nicolae_swamp_fairy_circle, swamp_pool5
Swamp:2:  nicolae_swamp_standing_stones, layout_basic_swamp,
          ebering_ghost_reflecting_pool, nicolae_swamp_round_clearing,
          swamp_pool2, nicolae_swamp_no_escape
Swamp:3:  layout_basic_swamp, nicolae_swamp_little_tower
Swamp:4:  swamp_pestilence, layout_basic_swamp
Spider:1: layout_spider_delve
Spider:2: nicolae_spider_hall_of_the_moth_king,
          hangedman_spider_tarantella_strand, uniq_nikola
Spider:3: nicolae_spider_mines_2
Spider:4: floodkiller_spider_rune_tomb
Orc:1:    cheibrodos_orc_guarddog, layout_caves, basic_altar, serial_shops,
          nicolae_square_shop, special_room [special_room_bee],
          nicolae_specific_store
Orc:2:    kennysheep_orc_mage_school, layout_diamond_mine,
          hangedman_feature_mirror
Vaults:1: vaults_dpeg_doors, dpeg_vaults_monster_row,
          vaults_room_grunt_arrival_ludios, ontoclasm_vaults_ligature,
          hangedman_vaults_pinch, vaults_room_fours, vaults_dpeg_hooks,
          nicolae_vaults_gold_heap, v_misc_1, layout_vaults_omnigrid
Vaults:2: ontoclasm_vaults_fault, v_alt_pattern_4, v_misc_13,
          hangedman_vaults_hard_town_square, grunt_vaults_funnel,
          v_alt_pattern_4, vaults_mumra_hex, nicolae_vaults_circle_grid_a,
          ontoclasm_vaults_decontamination, nicolae_vaults_ninety_degrees,
          vaults_dpeg_emergency_exit, v_pattern_1, vaults_standard_mumra_x,
          nicolae_vaults_theta, nicolae_vaults_theta, layout_vaults_maze,
          uniq_frederick
Vaults:3: portal_desolation_entry_holy_temple, ontoclasm_vaults_ring_square,
          v_misc_10, minmay_crypt_entry_necro_gods, grunt_vaults_trifunnel,
          v_misc_18, vaults_dpeg_ring, layout_vaults_chaotic_city, uniq_asterion
Vaults:4: nicolae_vaults_lopsided_apartments, nicolae_vaults_diagonal_hallway_8,
          v_misc_9, nicolae_vaults_alarming, nicolae_vaults_hallways_thing,
          ontoclasm_vaults_chip, hangedman_vaults_hat, vaults_room_semicircle,
          nicolae_vaults_border_crossing, layout_vaults_omnibox
Crypt:1:  layout_chaotic_city, nrook_guardian_serpent_ordinary,
          grunt_crypt_arrival_webbed, grunt_megastairs_4
Crypt:2:  layout_catacombs, mu_enter_wizlab_2, uniq_boris
Depths:1: layout_small_grid, enter_ziggurat_b, rand_demon_pan_entry_8,
          pf_coc_iceberg, minmay_crystal_room, nicolae_island_escapes,
          minmay_shoptagon, uniq_saint_roka
Depths:2: minmay_textured_paths, layout_gridlike, hell_entry,
          grunt_pan_entry_sceptre, nicolae_transporter_circle
Depths:3: minmay_the_grid_plus [minmay_the_grid_doors,
          minmay_the_grid_broken_lines, minmay_the_grid_slots,
          minmay_the_grid_spin_star, minmay_the_grid_prize_diamond_cup],
          layout_honeycomb, serial_shops, nicolae_shop_waterfront, abyss_entry,
          elyvilon_altar_4, hell_entry
Depths:4: grunt_zot_entry_hairpin, layout_long_grid, pf_dread_powers_of_hell,
          pan_entry, serial_co_window_serial, co_window_paths_a,
          co_window_paths_a, co_window_paths_a, co_window_corner_a,
          co_window_of_opportunity_a, co_window_paths_a, co_window_paths_a,
          co_window_paths_a, co_window_of_opportunity_a, co_window_broadway_c,
          co_window_unsneaky_path_a, co_window_2corner, glass_columns_a
WizLab:   wizlab_cloud

Skill      XL: |  1  2  3  4  5  6  7  8  9 10 11 12 13 14 15 16 17 18 19 20 21 22 23 24 25 26 |
---------------+-------------------------------------------------------------------------------+-----
Stealth        | 2 3 4 5 8 11 13 15 18 19 21 23 25 26 27 | 27.0
Short Blades   | 1 2 4 6 8 10 11 12 | 12.0
Armour         | 1 2 4 5 6 |  6.0
Dodging        | 3 6 7 9 11 12 14 15 16 18 19 21 22 23 25 26 27 | 27.0
Evocations     | 4 |  4.0
Fighting       | 2 5 7 8 9 10 11 12 13 14 15 16 17 18 19 20 | 20.6
Shields        | 1 2 4 5 6 8 9 10 11 12 13 14 | 14.6
Throwing       | 4 |  4.0
Spellcasting   | 2 4 |  4.0
Translocations | 4 8 9 |  9.0
Air Magic      | 2 5 |  5.0
Transmutations | 3 |  3.0
Earth Magic    | 3 |  3.0

Action                     |  1- 3 |  4- 6 |  7- 9 | 10-12 | 13-15 | 16-18 | 19-21 | 22-24 | 25-27 || total
---------------------------+-------+-------+-------+-------+-------+-------+-------+-------+-------++-------
  Melee: Club              |    18 |       |       |       |       |   577 |       |       |       ||   595
         Dagger            |    28 |   130 |   203 |   448 |   955 |   854 |  1132 |   566 |       ||  4316
         Short sword       |       |       |       |       |       |       |       |   452 |   552 ||  1004
         Unarmed           |       |       |       |       |       |       |       |       |    26 ||    26
  Throw: Boomerang         |       |       |       |       |       |       |       |       |     7 ||     7
   Cast: Vhi's Electric Ch |       |       |       |       |     1 |     2 |    40 |    25 |    10 ||    78
         Passwall          |       |       |       |       |       |    16 |       |       |       ||    16
         Blink             |       |       |       |       |       |     2 |       |       |       ||     2
 Invoke: Stomp             |       |       |     2 |    13 |    63 |   109 |    99 |    58 |    38 ||   382
         Line Pass         |       |       |       |     1 |     8 |    18 |    10 |    14 |     9 ||    60
         Grand Finale      |       |       |       |     1 |     2 |     2 |     7 |     9 |       ||    21
  Evoke: Wand              |     3 |       |     3 |     9 |    13 |    94 |     6 |       |       ||   128
         Condenser vane    |       |       |       |     1 |     2 |     3 |     5 |     3 |     1 ||    15
         Tin of tremorston |       |       |       |       |     1 |     5 |     2 |       |       ||     8
         Box of beasts     |       |       |       |       |       |       |       |       |     1 ||     1
    Use: Scroll            |       |       |       |     8 |    22 |    22 |     6 |       |       ||    58
         Potion            |       |       |       |       |       |    38 |     7 |     2 |     3 ||    50
   Stab: Sleeping          |    11 |    20 |    17 |    36 |   120 |    64 |    56 |    48 |    15 ||   387
         Distracted        |       |     1 |     2 |     4 |     6 |    11 |    16 |     5 |    10 ||    55
         Paralysed         |       |       |    10 |    28 |    56 |    38 |    62 |    84 |    26 ||   304
         Confused          |       |       |       |     1 |     4 |    13 |     9 |    17 |    10 ||    54
         Invisible         |       |       |       |       |       |     8 |       |       |       ||     8
         Betrayed ally     |       |       |       |       |       |     2 |       |       |       ||     2
 Armour: Leather armour    |     9 |    14 |     2 |       |     4 |       |       |       |       ||    29
         Steam dragon scal |       |       |    15 |     1 |       |       |       |       |       ||    16
         Acid dragon scale |       |       |       |    30 |       |       |       |       |       ||    30
         Troll leather arm |       |       |       |    14 |    98 |   340 |   132 |    60 |    29 ||   673
         Skin              |       |       |       |       |       |     8 |       |       |     6 ||    14
  Dodge: Dodged            |    29 |    74 |    99 |   233 |   592 |  2026 |   976 |   800 |   400 ||  5229
  Block: Other             |       |     9 |       |       |       |       |       |       |       ||     9
         Buckler           |       |    12 |    33 |    67 |   183 |    34 |       |       |       ||   329
         Kite shield       |       |       |       |       |   106 |  1463 |   741 |   702 |   364 ||  3376

Table legend: (Time is in decaauts)
 A = Elapsed time spent in this place.
 B = Non-inter-level travel time spent in this place.
 C = Inter-level travel time spent in this place.
 D = Time resting spent in this place.
 E = Time spent auto-exploring this place.
 F = Levels seen in this place.
 G = Mean time per level.
                   A        B        C        D        E       F      G
               +--------+--------+--------+--------+--------+-----+--------+
         Total |  52583 |  48204 |   4379 |   3250 |  32569 |  45 | 1168.5 |
       Dungeon |  16410 |  14057 |   2353 |    266 |  11024 |  15 | 1094.0 |
        Temple |     68 |     61 |      7 |      0 |     28 |   1 |   68.0 |
          Lair |   6600 |   6031 |    569 |     27 |   4952 |   5 | 1320.0 |
         Swamp |   3906 |   3738 |    168 |    199 |   2640 |   4 |  976.5 |
   Spider Nest |   7519 |   7460 |     59 |   1996 |   2146 |   4 | 1879.8 |
  Orcish Mines |   2561 |   1743 |    818 |     23 |   1228 |   2 | 1280.5 |
        Vaults |   6084 |   5867 |    217 |     33 |   4521 |   4 | 1521.0 |
         Crypt |   1441 |   1422 |     19 |     14 |    919 |   2 |  720.5 |
        Depths |   5701 |   5536 |    165 |    506 |   3927 |   4 | 1425.2 |
      Ice Cave |    178 |    178 |      0 |     50 |     32 |   1 |  178.0 |
       Volcano |    444 |    444 |      0 |      0 |    191 |   1 |  444.0 |
        Wizlab |    596 |    596 |      0 |     58 |    318 |   1 |  596.0 |
    Desolation |   1070 |   1070 |      0 |     77 |    640 |   1 | 1070.0 |
               +--------+--------+--------+--------+--------+-----+--------+

Top non-repeatable levels by time:
Spider:4: 3683 daAuts
     D:6: 1929 daAuts
Depths:4: 1714 daAuts
Depths:2: 1663 daAuts
Vaults:4: 1614 daAuts
Vaults:1: 1603 daAuts
  Lair:5: 1553 daAuts
Vaults:3: 1552 daAuts
     D:7: 1482 daAuts
Spider:1: 1446 daAuts
   Orc:2: 1433 daAuts
  Lair:1: 1368 daAuts
    D:10: 1366 daAuts
  Lair:4: 1355 daAuts
Spider:3: 1344 daAuts
